 Dungeon Crawl Stone Soup version 0.31-a0-963-ga325b2283a (webtiles) character file.

Game seed: 11444278336029245203

242 Arcadio the Gusty (level 6, -1/32 HPs)
             Began as a Tengu Air Elementalist on Oct 25, 2023.
             Was a Follower of Cheibriados.
             Killed by divine providence
             ... invoked by an orc priest
              (9 damage)
             ... on level 3 of the Dungeon.
             The game lasted 00:08:18 (2818 turns).

Arcadio the Gusty (Tengu Air Elementalist)          Turns: 2818, Time: 00:08:19

Health: -1/32      AC:  3    Str: 16    XL:     6   Next: 9%
Magic:  12/12      EV: 29    Int: 19    God:    Cheibriados [*.....]
Gold:   229        SH:  5    Dex: 17    Spells: 6/12 levels left

rFire   . . .        e - +1 dagger (venom)
rCold   + . .        (no shield)
rNeg    . . .        a - +0 robe
rPois   .            (helmet restricted)
rElec   .            (no cloak)
rCorr   .            g - +0 pair of gloves
SInv    .            (boots unavailable)
Will    .....        h - amulet of reflection
Stlth   ++           m - +6 ring of strength
HPRegen 0.25/turn    t - ring of protection from cold
MPRegen 0.13/turn

%: reflection, acrobat
@: acrobatic, very slow
A: beak, talons 3, acrobatic
a: Renounce Religion, Bend Time


You were on level 3 of the Dungeon.
You worshipped Cheibriados.
Cheibriados was aware of your devotion.
You visited 1 branch of the dungeon, and saw 3 of its levels.
You also visited: Sewer.

You collected 229 gold pieces.

Inventory:

Hand Weapons
 c - a +0 dagger
 e - a +1 dagger of venom (weapon)
Armour
 a - a +0 robe (worn)
 g - a +0 pair of gloves (worn)
 p - a +0 leather armour
Jewellery
 h - an amulet of reflection (around neck)
 i - a ring of protection from fire
 m - a +6 ring of strength (left hand)
 t - a ring of protection from cold (right hand)
Wands
 n - a wand of polymorph (8)
Scrolls
 j - a scroll of enchant weapon
 l - a scroll of immolation
 o - a scroll of teleportation
 s - a scroll of fear {unknown}
Potions
 b - 2 potions of magic
 d - 2 potions of mutation {unknown}
 f - 4 potions of brilliance
 k - 2 potions of curing
 q - a potion of enlightenment {unknown}


   Skills:
 + Level 4.3 Dodging
 - Level 2.0 Stealth
 + Level 3.6 Spellcasting
 - Level 1.3 Conjurations
 + Level 5.9 Air Magic


You had 6 spell levels left.
You knew the following spells:

 Your Spells              Type           Power      Damage    Failure   Level
a - Shock                 Conj/Air       68%        1d7       3%          1
b - Static Discharge      Conj/Air       34%        3-5/arc   4%          2
c - Swiftness             Air            26%        N/A       3%          3

Your spell library contained the following spells:

 Spells                   Type           Power      Damage    Failure   Level
 Foxfire                  Conj/Fire      24%        2x1d5     11%         1
 Airstrike                Air            13%        2d(2-18)  12%         4
 Summon Small Mammal      Summ           12%        N/A       14%         1
 Ensorcelled Hibernation  Hex/Ice        6%         N/A       22%         2
 Jinxbite                 Hex            6%         N/A       22%         2
 Call Canine Familiar     Summ           3%         N/A       41%         3
 Summon Guardian Golem    Hex/Summ       3%         N/A       41%         3
 Brom's Barrelling Bould  Conj/Erth      6%         2d3       73%         4
 Anguish                  Hex/Necr       1%         N/A       82%         4
 Iskenderun's Battlesphe  Conj           8%         2d6       92%         5
 Fireball                 Conj/Fire      3%         3d4       97%         5
 Conjure Ball Lightning   Conj/Air       8%         3x3d6     99%         6
 Plasma Beam              Fire/Air       7%         2x1d17    100%        6
 Starburst                Conj/Fire      3%         6d3       100%        6
 Orb of Destruction       Conj           4%         9d5       100%        7


Dungeon Overview and Level Annotations

Branches:
Dungeon (3/15) Zot: 23335   Sewer (visited)

Altars:
Cheibriados


Innate Abilities, Weirdness & Mutations

You have a beak for a mouth.
You have claws for feet.
You can magically evade attacks while moving or waiting.


Message History

The endoplasm is severely wounded.
The endoplasm quivers.
The endoplasm jiggles.
Casting: Shock (safe; 3% risk of failure)
Confirm with . or Enter, or press ? or * to list all spells.
Aiming: Shock (safe; 3% risk of failure)
Press: ? - help, Shift-Dir - straight line, f/p - endoplasm
Aim: an endoplasm (severely wounded, 98% to hit)
The zap hits the endoplasm.
You kill the endoplasm!
Cheibriados appreciates the change of pace.
As you read the scroll of identify, it crumbles to dust.
k - 2 potions of curing An orc wizard, an orc priest and a rat come into view.
The orc priest shouts!
You hear a shout! x3
An orc comes into view. It is wielding a +0 dagger.
An endoplasm comes into view.
You hear a shout!
Casting: Shock (safe; 3% risk of failure)
Confirm with . or Enter, or press ? or * to list all spells.
Aiming: Shock (safe; 3% risk of failure)
Press: ? - help, Shift-Dir - straight line The zap hits the orc wizard.
The orc wizard is lightly wounded.
The zap hits the orc priest.
The orc priest is moderately wounded.
The zap misses the orc.
The endoplasm quivers.
The orc shouts!
The orc wizard gestures at you while chanting.
The puff of flame hits you! The orc wizard casts a spell at you.
The magic dart hits you!
The orc priest calls down the wrath of Beogh upon you.
You barely resist.
The orc priest casts a cantrip, but nothing happens.
The orc wizard points at you and mumbles some strange words.
The magic dart hits you!
The orc priest mumbles some strange prayers to Beogh against you.
Beogh smites you!
You die...

#######.................,,,,,,,,,
####............o...,,,,,,,,,
#...........r#***,,,,,,,,,,,,
#####.##.........# *,,,,,,,,,,,,
#.....##......Jr.# *,,,,,,,,,,,,
..######......oo## *,,,,,,,,,,,,
.#####...........# *,*,,,,,,,,,,
.......#.........# *,*****,,*,**
########........@# *,* ****,**
#.........# *,* *,,,* #........<#
*,* *,,,* ##.......##
*,*******,,,* ##.....##
*,,,,,,**,,,* #######
******,,,,,,* ****,,,* *,,,*
*,,,*


You could see an orc priest, an orc wizard, an endoplasm and a rat.

Vanquished Creatures
  Pargi (Sewer)
  6 adders
  2 worms
  2 dart slugs
  8 endoplasms
  15 giant cockroaches
  6 goblins
  3 hobgoblins
  6 jackals
  12 kobolds
  4 quokkas
  6 ball pythons
  6 bats
  A frilled lizard (D:1)
  4 rats
82 creatures vanquished.

Notes
Turn   | Place    | Note
-------+----------+-------------------------------------------
     0 | D:1      | Arcadio the Tengu Air Elementalist began the quest for the
                  | Orb.
     0 | D:1      | Reached XP level 1. HP: 10/10 MP: 4/4
   224 | D:1      | Reached XP level 2. HP: 10/15 MP: 6/6
   300 | D:1      | Found a faded altar of an unknown god.
   490 | D:1      | Learned a level 2 spell: Static Discharge
   814 | D:1      | Reached XP level 3. HP: 19/19 MP: 2/7
  1447 | D:2      | Reached XP level 4. HP: 23/24 MP: 4/9
  1584 | D:2      | Reached skill level 5 in Air Magic
  1761 | D:2      | Found a snail-covered altar of Cheibriados.
  1846 | D:2      | Learned a level 3 spell: Swiftness
  1851 | D:2      | Became a worshipper of Cheibriados the Contemplative
  2104 | D:3      | Reached XP level 5. HP: 24/28 MP: 5/10
  2224 | D:3      | Found a glowing drain.
  2245 | Sewer    | Entered a sewer
  2355 | Sewer    | Noticed Pargi
  2361 | Sewer    | Killed Pargi
  2510 | D:3      | Reached XP level 6. HP: 32/32 MP: 7/12
  2510 | D:3      | Reached * piety under Cheibriados
  2818 | D:3      | Killed from afar by an orc priest

Illustrated notes

Levels and vault maps discovered:
D:1:      ncdulo_watergridlock, layout_basic,
          hellmonk_ecumenical_altar_crossroads, minmay_quantized
D:2:      minmay_roachtagon, layout_rooms, basic_altar, minmay_circled_x
D:3:      layout_rooms, gup_sewer_entry_pipe

Skill      XL: |  1  2  3  4  5 |
---------------+----------------+-----
Dodging        | 3 4 |  4.3
Air Magic      | 5 |  5.9
Spellcasting   | 3 |  3.6
Stealth        | |  2.0
Conjurations   | |  1.3

Action                     |  1- 3 |  4- 6 || total
---------------------------+-------+-------++-------
  Melee: Dagger            |    17 |    22 ||    39
         Kick              |     4 |     3 ||     7
         Peck              |     2 |     6 ||     8
   Cast: Shock             |    66 |    47 ||   113
         Static Discharge  |       |    11 ||    11
    Use: Scroll            |       |     7 ||     7
   Stab: Sleeping          |     4 |     4 ||     8
 Armour: Robe              |     8 |    31 ||    39
  Dodge: Dodged            |    10 |    14 ||    24
  Block: Other             |     4 |     2 ||     6

Table legend: (Time is in decaauts)
 A = Elapsed time spent in this place.
 B = Non-inter-level travel time spent in this place.
 C = Inter-level travel time spent in this place.
 D = Time resting spent in this place.
 E = Time spent auto-exploring this place.
 F = Levels seen in this place.
 G = Mean time per level.
                   A        B        C        D        E       F      G
               +--------+--------+--------+--------+--------+-----+--------+
         Total |   3009 |   2980 |     29 |     13 |   2395 |   4 |  752.2 |
       Dungeon |   2738 |   2709 |     29 |     13 |   2187 |   3 |  912.7 |
         Sewer |    270 |    270 |      0 |      0 |    208 |   1 |  270.0 |
               +--------+--------+--------+--------+--------+-----+--------+

Top non-repeatable levels by time:
     D:2: 1078 daAuts
     D:1: 1067 daAuts
     D:3: 592 daAuts
   Sewer: 270 daAuts
